TOP OF THE 1ST |
Quebec City Les Bleus batting - Pitching for Charleston Battery : RHP Miguel Angel Martínez
|
Pitching: RHP Miguel Angel Martínez
|
|
Batting: RHB Tevin McTevin
|
0-0: Foul Ball, location: 2F 0-1: Ball 1-1: Swinging Strike 1-2: Foul Ball, location: 2F 1-2: Strikes out swinging
|
Batting: RHB Kumanosuke Asano
|
0-0: Ball 1-0: Called Strike 1-1: Ball 2-1: Foul Ball, location: 2F 2-2: Ball 3-2: Base on Balls
|
Batting: LHB Jeff Simpson
|
0-0: Called Strike 0-1: Ball 1-1: Ball 2-1: Foul Ball, location: 2F 2-2: Strikes out swinging
|
Batting: LHB Scott Janousek
|
0-0: Ground out U3 (Groundball, 3)
|
Top of the 1st over - 0 runs, 0 hits, 0 errors, 1 left on base; Quebec City 0 - Charleston 0 |
BOTTOM OF THE 1ST |
Charleston Battery batting - Pitching for Quebec City Les Bleus : RHP Michael Machen
|
Pitching: RHP Michael Machen
|
|
Batting: RHB Mike Case
|
0-0: Ball 1-0: Foul Ball, location: 2F 1-1: Ball 2-1: Bunt missed! 2-2: Foul Ball, location: 2F 2-2: Ball 3-2: Fly out, F9 (Line Drive, 89D)
|
Batting: LHB Joey Coco
|
0-0: Ball 1-0: Foul Ball, location: 2F 1-1: Swinging Strike 1-2: Strikes out looking
|
Batting: SHB Jasper Morrison
|
0-0: Ball 1-0: Called Strike 1-1: Ball 2-1: Ball 3-1: Foul Ball, location: 2F 3-2: Base on Balls
|
Batting: LHB Spencer Powell
|
0-0: Ball 1-0: Ground out U3 (Groundball, 2R)
|
Bottom of the 1st over - 0 runs, 0 hits, 0 errors, 1 left on base; Quebec City 0 - Charleston 0 |
TOP OF THE 2ND |
Quebec City Les Bleus batting - Pitching for Charleston Battery : RHP Miguel Angel Martínez
|
Batting: RHB Kameron Guangorena
|
0-0: Ball 1-0: Called Strike 1-1: Ball 2-1: DOUBLE (Line Drive, 7LD)
|
Batting: SHB Stan St. John
|
0-0: Called Strike 0-1: Ground out 6-3 (Groundball, 6)
|
Batting: RHB Lane McCool
|
0-0: Foul Ball, location: 2F 0-1: Ground out 6-3 (Groundball, 6S) Kameron Guangorena to third
|
Batting: RHB Cam MacIntosh
|
0-0: Swinging Strike 0-1: Swinging Strike 0-2: Ball 1-2: Strikes out swinging
|
Top of the 2nd over - 0 runs, 1 hit, 0 errors, 1 left on base; Quebec City 0 - Charleston 0 |
BOTTOM OF THE 2ND |
Charleston Battery batting - Pitching for Quebec City Les Bleus : RHP Michael Machen
|
Batting: RHB Paco Muńóz
|
0-0: Ball 1-0: Called Strike 1-1: Fly out, F8 (Line Drive, 78D)
|
Batting: LHB Vicente Gonzáles
|
0-0: Called Strike 0-1: Ball 1-1: Swinging Strike 1-2: DOUBLE (Line Drive, 8RXD)
|
Batting: RHB Anson Darrah
|
0-0: Foul Ball, location: 2F 0-1: Ball 1-1: Ball 2-1: Fly out, F6 (Popup, 6M)
|
Batting: LHB Datu Lesaca
|
0-0: Ball 1-0: Called Strike 1-1: Foul Ball, location: 2F 1-2: Strikes out looking
|
Bottom of the 2nd over - 0 runs, 1 hit, 0 errors, 1 left on base; Quebec City 0 - Charleston 0 |
TOP OF THE 3RD |
Quebec City Les Bleus batting - Pitching for Charleston Battery : RHP Miguel Angel Martínez
|
Batting: RHB Reg Spiers
|
0-0: Ball 1-0: Ball 2-0: Ball 3-0: Base on Balls
|
Batting: RHB Tevin McTevin
|
0-0: Called Strike 0-1: Ground out U3 (Groundball, 34S) Reg Spiers to second
|
Batting: RHB Kumanosuke Asano
|
0-0: Ball 1-0: Called Strike 1-1: SINGLE (Groundball, 56D) Reg Spiers to third Runner from 3rd tries for Home, SAFE, throw made home
|
Batting: LHB Jeff Simpson
|
0-0: DOUBLE (Groundball, 3L) Kumanosuke Asano to third
|
Batting: LHB Scott Janousek
|
0-0: Foul Ball, location: 2F 0-1: Swinging Strike 0-2: Ball 1-2: Ball 2-2: Strikes out swinging
|
Batting: RHB Kameron Guangorena
|
0-0: Fly out, F8 (Flyball, 8RM)
|
Top of the 3rd over - 1 run, 2 hits, 0 errors, 2 left on base; Quebec City 1 - Charleston 0 |
BOTTOM OF THE 3RD |
Charleston Battery batting - Pitching for Quebec City Les Bleus : RHP Michael Machen
|
Batting: RHB Jesús Ruano
|
0-0: Ball 1-0: Ball 2-0: Ball 3-0: Called Strike 3-1: Called Strike 3-2: Strikes out looking
|
Batting: RHB Mike Case
|
0-0: Swinging Strike 0-1: Called Strike 0-2: Ball 1-2: Foul Ball, location: 2F 1-2: Ball 2-2: Strikes out swinging
|
Batting: LHB Joey Coco
|
0-0: Called Strike 0-1: Ball 1-1: Ball 2-1: Ground out 4-3 (Groundball, 34D)
|
Bottom of the 3rd over - 0 runs, 0 hits, 0 errors, 0 left on base; Quebec City 1 - Charleston 0 |
TOP OF THE 4TH |
Quebec City Les Bleus batting - Pitching for Charleston Battery : RHP Miguel Angel Martínez
|
Batting: SHB Stan St. John
|
0-0: Ball 1-0: Foul Ball, location: 2F 1-1: Foul Ball, location: 2F 1-2: Ground out 1-3 (Groundball, 15S)
|
Batting: RHB Lane McCool
|
0-0: Ball 1-0: Ball 2-0: Ball 3-0: Base on Balls
|
Batting: RHB Cam MacIntosh
|
0-0: Called Strike 0-1: Called Strike 0-2: Strikes out swinging
|
Batting: RHB Reg Spiers
|
0-0: Hit by Pitch Lane McCool to second
|
Batting: RHB Tevin McTevin
|
0-0: Ball 1-0: Fielders Choice at 2nd, 6-4 (Groundball, 6)
|
Top of the 4th over - 0 runs, 0 hits, 0 errors, 2 left on base; Quebec City 1 - Charleston 0 |
BOTTOM OF THE 4TH |
Charleston Battery batting - Pitching for Quebec City Les Bleus : RHP Michael Machen
|
Pitching: RHP José Barquero
|
|
Batting: SHB Jasper Morrison
|
0-0: Called Strike 0-1: Ball 1-1: Called Strike 1-2: Strikes out swinging
|
Batting: LHB Spencer Powell
|
0-0: Ball 1-0: Ball 2-0: Called Strike 2-1: Swinging Strike 2-2: SINGLE (Groundball, 6MD)
|
Batting: RHB Paco Muńóz
|
0-0: Called Strike 0-1: Swinging Strike 0-2: Strikes out looking
|
Batting: LHB Vicente Gonzáles
|
0-0: Ball 1-0: Called Strike 1-1: Ball 2-1: Ball 3-1: Foul Ball, location: 2F 3-2: Strikes out swinging
|
Bottom of the 4th over - 0 runs, 1 hit, 0 errors, 1 left on base; Quebec City 1 - Charleston 0 |
TOP OF THE 5TH |
Quebec City Les Bleus batting - Pitching for Charleston Battery : RHP Miguel Angel Martínez
|
Pitching: RHP Jon King
|
|
Batting: RHB Kumanosuke Asano
|
0-0: Called Strike 0-1: Swinging Strike 0-2: Foul Ball, location: 2F 0-2: Ball 1-2: Ball 2-2: Foul Ball, location: 2F 2-2: Foul Ball, location: 2F 2-2: Foul Ball, location: 2F 2-2: Ground out 5-3 (Groundball, 56)
|
Batting: LHB Jeff Simpson
|
0-0: Ground out 4-3 (Groundball, 4S)
|
Batting: LHB Scott Janousek
|
0-0: Ball 1-0: SOLO HOME RUN (Flyball, 9LD), Distance : 352 ft
|
Batting: RHB Kameron Guangorena
|
0-0: Ball 1-0: Foul Ball, location: 2F 1-1: Ball 2-1: Ball 3-1: Foul Ball, location: 2F 3-2: Base on Balls
|
Batting: SHB Stan St. John
|
0-0: Ball 1-0: Fly out, F9 (Flyball, 89S)
|
Top of the 5th over - 1 run, 1 hit, 0 errors, 1 left on base; Quebec City 2 - Charleston 0 |
BOTTOM OF THE 5TH |
Charleston Battery batting - Pitching for Quebec City Les Bleus : RHP José Barquero
|
Batting: RHB Anson Darrah
|
0-0: Called Strike 0-1: Called Strike 0-2: Ball 1-2: Strikes out looking
|
Batting: LHB Datu Lesaca
|
0-0: Called Strike 0-1: Ball 1-1: Reached on error, E6 (Groundball, 6)
|
Batting: RHB Jesús Ruano
|
0-0: Fly out, F9 (Flyball, 9D) Runner from 2nd tags up, SAFE at 3rd, no throw
|
Batting: RHB Mike Case
|
0-0: Ball 1-0: Fly out, F8 (Flyball, 89M)
|
Bottom of the 5th over - 0 runs, 0 hits, 1 error, 1 left on base; Quebec City 2 - Charleston 0 |
TOP OF THE 6TH |
Quebec City Les Bleus batting - Pitching for Charleston Battery : RHP Jon King
|
Batting: RHB Lane McCool
|
0-0: Ground out 4-3 (Groundball, 4M)
|
Batting: RHB Cam MacIntosh
|
0-0: Swinging Strike 0-1: Ball 1-1: Called Strike 1-2: Foul Ball, location: 2F 1-2: Strikes out swinging
|
Batting: RHB Reg Spiers
|
0-0: Called Strike 0-1: Called Strike 0-2: Ball 1-2: Foul Ball, location: 2F 1-2: Foul Ball, location: 2F 1-2: Ball 2-2: Ball 3-2: Base on Balls
|
Pinch Hitting: SHB Arvo Helminen
|
0-0: Ball 1-0: Called Strike 1-1: Ground out U3 (Groundball, 3)
|
Top of the 6th over - 0 runs, 0 hits, 0 errors, 1 left on base; Quebec City 2 - Charleston 0 |
BOTTOM OF THE 6TH |
Charleston Battery batting - Pitching for Quebec City Les Bleus : RHP José Barquero
|
Now in CF: Arvo Helminen
|
|
Batting: LHB Joey Coco
|
0-0: Foul Ball, location: 2F 0-1: Foul Ball, location: 2F 0-2: Foul Ball, location: 2F 0-2: Ball 1-2: Ball 2-2: Strikes out swinging
|
Batting: SHB Jasper Morrison
|
0-0: Ball 1-0: Foul Ball, location: 2F 1-1: Swinging Strike 1-2: DOUBLE (Flyball, 89D)
|
Batting: LHB Spencer Powell
|
0-0: Called Strike 0-1: Foul Ball, location: 2F 0-2: Ball 1-2: Ball 2-2: Foul Ball, location: 2F 2-2: Foul Ball, location: 2F 2-2: Ground out 4-3 (Groundball, 4) Jasper Morrison to third
|
Batting: RHB Paco Muńóz
|
0-0: Swinging Strike 0-1: Fly out, F7 (Flyball, 7LS)
|
Bottom of the 6th over - 0 runs, 1 hit, 0 errors, 1 left on base; Quebec City 2 - Charleston 0 |
TOP OF THE 7TH |
Quebec City Les Bleus batting - Pitching for Charleston Battery : RHP Jon King
|
Batting: RHB Stan Pagnotta
|
0-0: Ball 1-0: Called Strike 1-1: Foul Ball, location: 2F 1-2: Ball 2-2: Strikes out swinging, 2-3 out at first.
|
Pinch Hitting: RHB Jorge Salgado
|
0-0: Ball 1-0: Swinging Strike 1-1: Foul Ball, location: 2F 1-2: Foul Ball, location: 2F 1-2: Fly out, F4 (Popup, 4D)
|
Batting: LHB Scott Janousek
|
0-0: Called Strike 0-1: Foul Ball, location: 2F 0-2: Ball 1-2: Strikes out looking
|
Top of the 7th over - 0 runs, 0 hits, 0 errors, 0 left on base; Quebec City 2 - Charleston 0 |
BOTTOM OF THE 7TH |
Charleston Battery batting - Pitching for Quebec City Les Bleus : RHP José Barquero
|
Now in LF: Jorge Salgado
|
|
Batting: LHB Vicente Gonzáles
|
0-0: Ball 1-0: Ball 2-0: Called Strike 2-1: Ball 3-1: Base on Balls
|
Batting: RHB Anson Darrah
|
0-0: Fly out, F8 (Flyball, 8LS)
|
Batting: LHB Datu Lesaca
|
0-0: Ball 1-0: Foul Ball, location: 2F 1-1: Ball 2-1: Ball 3-1: Base on Balls Vicente Gonzáles to second
|
Pitching: RHP Matt Digby
|
|
Batting: RHB Jesús Ruano
|
0-0: Called Strike 0-1: Ball 1-1: Swinging Strike 1-2: Fly out, F7 (Flyball, 78S)
|
Pinch Hitting: RHB Fernando Rivera
|
0-0: Called Strike 0-1: Ball 1-1: Called Strike 1-2: SINGLE (Groundball, 15S) (infield hit) Vicente Gonzáles to third Datu Lesaca to second
|
Pinch Hitting: RHB Wrangler Haresnape
|
0-0: Called Strike 0-1: Called Strike 0-2: Ground out 4-3 (Groundball, 4)
|
Bottom of the 7th over - 0 runs, 1 hit, 0 errors, 3 left on base; Quebec City 2 - Charleston 0 |
TOP OF THE 8TH |
Quebec City Les Bleus batting - Pitching for Charleston Battery : RHP Jon King
|
Now at 3B: Fernando Rivera
|
|
Now in RF: Wrangler Haresnape
|
|
Batting: RHB Kameron Guangorena
|
0-0: Fly out, F4 (Popup, 4D)
|
Batting: SHB Stan St. John
|
0-0: Swinging Strike 0-1: Called Strike 0-2: Ball 1-2: Ball 2-2: Strikes out swinging
|
Batting: RHB Lane McCool
|
0-0: Ball 1-0: Ball 2-0: Ground out U3 (Groundball, 34)
|
Top of the 8th over - 0 runs, 0 hits, 0 errors, 0 left on base; Quebec City 2 - Charleston 0 |
BOTTOM OF THE 8TH |
Charleston Battery batting - Pitching for Quebec City Les Bleus : RHP Matt Digby
|
Pinch Hitting: RHB Vincent Crane
|
0-0: Called Strike 0-1: Ball 1-1: Swinging Strike 1-2: Ball 2-2: Foul Ball, location: 2F 2-2: Fly out, F9 (Flyball, 89D)
|
Batting: RHB Luis Ríos
|
0-0: Ball 1-0: Ground out 4-3 (Groundball, 4)
|
Batting: RHB Paco Muńóz
|
0-0: Called Strike 0-1: Ball 1-1: Ball 2-1: Foul Ball, location: 2F 2-2: Strikes out looking
|
Bottom of the 8th over - 0 runs, 0 hits, 0 errors, 0 left on base; Quebec City 2 - Charleston 0 |
TOP OF THE 9TH |
Quebec City Les Bleus batting - Pitching for Charleston Battery : RHP Jon King
|
Now at 2B: Vincent Crane
|
|
Batting: RHB Cam MacIntosh
|
0-0: Called Strike 0-1: Foul Ball, location: 2F 0-2: Ball 1-2: Fly out, F9 (Flyball, 9)
|
Batting: RHB Reg Spiers
|
0-0: Ball 1-0: Ball 2-0: Ball 3-0: Called Strike 3-1: Fly out, F5 (Line Drive, 56)
|
Pitching: RHP Jamel Rhoads
|
|
Now at 3B: Ryan Faulkner
|
|
Batting: SHB Arvo Helminen
|
0-0: Foul Ball, location: 2F 0-1: Ball 1-1: Ball 2-1: Ball 3-1: Foul Ball, location: 2F 3-2: Strikes out swinging
|
Top of the 9th over - 0 runs, 0 hits, 0 errors, 0 left on base; Quebec City 2 - Charleston 0 |
BOTTOM OF THE 9TH |
Charleston Battery batting - Pitching for Quebec City Les Bleus : RHP Matt Digby
|
Pinch Hitting: LHB Guillermo Arellano
|
0-0: Ball 1-0: Ball 2-0: Ground out U3 (Groundball, 3)
|
Pinch Hitting: RHB Loren Stallings
|
0-0: Called Strike 0-1: Ball 1-1: Swinging Strike 1-2: Fly out, F7 (Flyball, 7S)
|
Batting: LHB Datu Lesaca
|
0-0: Swinging Strike 0-1: Ball 1-1: Called Strike 1-2: Ground out 6-3 (Groundball, 6)
|
Bottom of the 9th over - 0 runs, 0 hits, 0 errors, 0 left on base; Quebec City 2 - Charleston 0 |
|